 Dungeon Crawl Stone Soup version 0.22.1-2-g9c5b331 (webtiles) character file.

451 Korkiloff the Skirmisher (level 6, -2/51 HPs)
             Began as a Demonspawn Abyssal Knight on Jan 6, 2019.
             Was a Believer of Lugonu.
             Slain by a hippogriff (3 damage)
             ... on level 4 of the Dungeon.
             The game lasted 00:13:07 (3797 turns).

Korkiloff the Skirmisher (DsAK)                     Turns: 3797, Time: 00:13:08

Health: -2/51      AC:  9    Str: 18    XL:     6   Next: 75%
Magic:  16/16      EV: 10    Int: 20    God:    Lugonu [**....]
Gold:   226        SH:  3    Dex: 13    Spells: 5/5 levels left

rFire    + . .     SeeInvis .   a - +1 falchion
rCold    + . .     Gourm    .   t - +0 buckler
rNeg     . . .     Faith    .   v - +0 ring mail of the Trilobite {+Fly rPois Str+4 Int+2} (curse)
rPois    +         Spirit   .   r - +0 helmet
rElec    +         Reflect  .   (no cloak)
rCorr    +         Harm     .   (no gloves)
MR       .....                  (no boots)
Stlth    +.........             (no amulet)
HPRegen  0.17/turn              u - ring of magical power
MPRegen  0.15/turn              (no ring)

@: brilliant, resistant, flying
A: thin metallic scales 2, powered by death 2, rot immunity
a: Depart the Abyss, Bend Space, Renounce Religion


You were on level 4 of the Dungeon.
You worshipped Lugonu.
Lugonu was pleased with you.
You were not hungry.

You visited 2 branches of the dungeon, and saw 6 of its levels.
You visited the Abyss 1 time.

You collected 226 gold pieces.

Inventory:

Hand Weapons
 a - a +1 falchion (weapon)
 b - a +0 hunting sling
 m - a +2 dagger of draining
Missiles
 d - 55 sling bullets
 q - 37 arrows
 s - 28 bolts
 z - a throwing net (quivered)
Armour
 n - a +0 chain mail
 r - a +0 helmet (worn)
 t - a +0 buckler (worn)
 v - the cursed +0 ring mail of the Trilobite (worn) {+Fly rPois Str+4 Int+2}
   (You found it on level 5 of the Dungeon)

   It affects your strength (+4).
   It affects your intelligence (+2).
   It protects you from poison.
   It lets you fly.
   It has a curse placed upon it.
 A - a +0 leather armour
Jewellery
 u - a ring of magical power (left hand)
Wands
 g - a wand of digging (12)
 w - a wand of random effects (24)
Scrolls
 h - a scroll of blinking {unknown}
 i - 2 scrolls of amnesia {unknown}
 j - a scroll of enchant weapon {unknown}
 l - 6 scrolls of remove curse {unknown}
 o - a scroll of identify {unknown}
 p - a scroll of teleportation {unknown}
 y - a scroll of magic mapping {unknown}
Potions
 e - a potion of brilliance
 f - 2 potions of haste
Comestibles
 c - 11 rations


   Skills:
 + Level 5.2 Fighting
 + Level 4.2 Long Blades
 + Level 0.2 Slings
 + Level 3.0 Armour
 + Level 1.8 Dodging
 + Level 0.2 Stealth
 + Level 0.2 Shields
 + Level 2.5 Invocations


You had 5 spell levels left.
You didn't know any spells.
Your spell library was empty.

Dungeon Overview and Level Annotations

Branches:
Dungeon (5/15)             Temple (1/1) D:4

Altars:
Ashenzari
Cheibriados
Dithmenos
Elyvilon
Fedhas
Gozag
Hepliaklqana
Kikubaaqudgha
Nemelex Xobeh
Okawaru
Qazlal
Ru
Sif Muna
Uskayaw
Vehumet
Wu Jian
Xom
Yredelemnul
Zin
The Shining One

Shops:
D:5 [(

Annotations:
D:5 Menkaure


Innate Abilities, Weirdness & Mutations

You are mostly covered in thin metallic scales. (AC +3)
You regenerate health from kills.
You are immune to rotting.


Message History

You feel clever all of a sudden. You block the hound's attack.
The hippogriff bites you.
* * * LOW HITPOINT WARNING * * *
The hippogriff pecks you.
* * * LOW HITPOINT WARNING * * *
The hippogriff barely misses you. The hound closely misses you.
You riposte.
You hit the hound.
The hound is almost dead.
It was a potion of resistance.
You feel protected.
The hippogriff bites you but does no damage.
The hippogriff completely misses you.
The hippogriff claws you but does no damage.
The hound barely misses you.
It was a potion of flight.
You feel very buoyant.
You fly up into the air.
The hound bites you.
* * * LOW HITPOINT WARNING * * *
The hippogriff bites you.
You die...

# ##..## # #...##
# ##...###
###....######
##...........##
##.............##
#...............#
#...........H...#
#............@..#
#...........h...#
#...............#
#...............#
##.............##
##.....#.....##
#############


You could see a hippogriff and a hound.

Vanquished Creatures
  A phantom (D:4)
  2 howler monkeys
  A hound (D:5)
  A centaur skeleton (D:4)
  An iguana (D:4)
  An orc wizard (D:4)
  A worker ant (D:5)
  7 adders
  An adder skeleton (D:4)
  3 dart slugs
  2 leopard geckos
  2 orcs (D:4)
  6 giant cockroaches
  10 hobgoblins
  9 jackals
  2 kobolds
  2 quokkas
  9 bats
  6 frilled lizards
  12 goblins
  A jackal skeleton (D:4)
  A jackal zombie (D:5)
  A leopard gecko skeleton (D:5)
  5 rats
87 creatures vanquished.

Notes
Turn   | Place    | Note
-------+----------+-------------------------------------------
     0 | Abyss:1  | Korkiloff the Demonspawn Abyssal Knight began the quest for
                  | the Orb.
     0 | Abyss:1  | Reached XP level 1. HP: 18/18 MP: 2/2
    64 | D:1      | Escaped the Abyss
   403 | D:1      | Reached * piety under Lugonu
   499 | D:1      | Gained mutation: You regenerate a little health from kills.
                  | [demonic ancestry]
   499 | D:1      | Reached XP level 2. HP: 12/24 MP: 3/3
   692 | D:1      | Reached skill level 1 in Dodging
   854 | D:1      | Gained mutation: You are immune to rotting. [demonic
                  | ancestry]
   854 | D:1      | Reached XP level 3. HP: 30/30 MP: 4/4
  1125 | D:2      | Reached skill level 4 in Fighting
  1219 | D:2      | Reached ** piety under Lugonu
  1261 | D:2      | Gained mutation: You regenerate health from kills. [demonic
                  | ancestry]
  1261 | D:2      | Reached XP level 4. HP: 37/37 MP: 5/5
  1340 | D:2      | Found a glowing golden altar of the Shining One.
  1682 | D:3      | Found an iron altar of Okawaru.
  2388 | D:3      | Gained mutation: You are partially covered in thin metallic
                  | scales. (AC +2) [demonic ancestry]
  2388 | D:3      | Reached XP level 5. HP: 37/42 MP: 6/6
  2402 | D:3      | Found a snail-covered altar of Cheibriados.
  2875 | D:4      | Noticed a phantom
  2989 | D:4      | Killed a phantom
  3003 | D:4      | Found a staircase to the Ecumenical Temple.
  3019 | Temple   | Entered the Ecumenical Temple
  3191 | D:4      | Gained mutation: You are mostly covered in thin metallic
                  | scales. (AC +3) [demonic ancestry]
  3191 | D:4      | Reached XP level 6. HP: 32/49 MP: 7/7
  3429 | D:4      | Found a sparkling altar of Nemelex Xobeh.
  3465 | D:4      | You fall through a shaft!
  3465 | D:5      | Entered Level 5 of the Dungeon
  3475 | D:5      | Reached skill level 5 in Fighting
  3481 | D:5      | Got a brightly glowing ring mail
  3492 | D:5      | Identified the cursed +0 ring mail of the Trilobite {+Fly
                  | rPois Str+4 Int+2} (You found it on level 5 of the Dungeon)
  3587 | D:5      | Found Ofrewn's Armour Boutique.
  3755 | D:5      | Found Leuloah's Weapon Boutique.
  3770 | D:5      | Noticed a hippogriff
  3771 | D:5      | Noticed Menkaure
  3797 | D:4      | HP: 1/51 [hound (3)]
  3797 | D:4      | Slain by a hippogriff

Skill      XL: |  1  2  3  4  5  6 |
---------------+-------------------+-----
Armour         | 2 3 |  3.0
Long Blades    | 2 3 4 |  4.2
Dodging        | 1 |  1.8
Fighting       | 4 5 |  5.2
Slings         | |  0.2
Stealth        | |  0.2
Shields        | |  0.2
Invocations    | |  2.5

Action                   |  1- 3 |  4- 6 || total
-------------------------+-------+-------++-------
Melee: Falchion          |    97 |   299 ||   396
 Fire: Hunting sling     |       |     8 ||     8
Invok: Depart the Abyss  |     1 |       ||     1
  Use: Potion            |       |     7 ||     7
       Scroll            |       |     1 ||     1
  Eat: Chunk             |     1 |     9 ||    10
Armor: Leather armour    |    25 |       ||    25
       Chain mail        |     5 |   180 ||   185
       Skin              |       |     4 ||     4
       Ring mail         |       |    15 ||    15
Dodge: Dodged            |    66 |   110 ||   176
Block: Buckler           |       |    27 ||    27
       Rpst.: Falchion   |    22 |    38 ||    60
